 Dungeon Crawl Stone Soup version 0.27-a0-1232-gc6a4cbde82 (webtiles) character file.

Game seed: 1996143910806746130

150853 robertstho the Eclecticist (level 18, 0/111 HPs)
             Began as a Djinni Fire Elementalist on June 8, 2021.
             Was an Initiate of Gozag.
             Shot with a bolt by Vashnia (26 damage)
             ... on level 3 of the Snake Pit.
             The game lasted 01:18:38 (37041 turns).

robertstho the Eclecticist (DjFE)                  Turns: 37041, Time: 01:18:39

Health: 0/111      AC: 11    Str: 10    XL:     18   Next: 17%
Gold:   9459       EV: 23    Int: 37    God:    Gozag SH:  0 Dex: 23

rFire    + + .     SeeInvis +   v - +7 quarterstaff of Dithmenos's Regard {freeze, rC+ Str+3 Int+4}
rCold    + + +     Faith    .   (shield currently unavailable)
rNeg     . . .     Spirit   .   l - +4 skin of Zhor {*Englaciate rC+++ SInv}
rPois    ∞         Reflect  .   g - +0 helmet {Int+3}
rElec    .         Harm     .   o - +0 cloak {Will+}
rCorr    .         Rampage  .   d - +2 pair of gloves {Dex+3}
Will     ++...                  (boots unavailable)
Stlth    ++++......             P - amulet of regeneration
HPRegen  1.28/turn              f - ring "Xushrotte" {rPois EV+4 Dex+5 SInv}
MPRegen  0.00/turn              n - +6 ring of intelligence

@: unable to drink, gold aura, flying
A: no potions, sickness immunity, fire resistance 2, cold vulnerability 1,
float, innate caster, hp casting, extra vitality 1
a: Renounce Religion, Potion Petition, Call Merchant, Bribe Branch


You were on level 3 of the Snake Pit.
You worshipped Gozag.
Gozag was greatly pleased with you.
You visited 5 branches of the dungeon, and saw 27 of its levels.
You also visited: Bailey, Gauntlet, Ice Cave and Volcano.

You collected 12371 gold pieces.
You spent 2167 gold pieces at shops.
You paid 745 gold pieces to Gozag.

Inventory:

Hand Weapons
 v - the +7 quarterstaff of Dithmenos's Regard (weapon) {freeze, rC+ Str+3 Int+4}
   (You bought it in a shop on level 6 of the Dungeon)

   It has been specially enchanted to freeze those struck by it, causing extra
   injury to most foes and up to half again as much damage against particularly
   susceptible opponents.
   It can also slow down cold-blooded creatures.
   It affects your strength (+3).
   It affects your intelligence (+4).
   It protects you from cold.
 G - the +8 glaive of Ekhlo {vorpal, Drain rPois rF+ Str+4}
   (You found it on level 2 of the Snake Pit)

   It inflicts extra damage upon your enemies.
   It affects your strength (+4).
   It protects you from fire.
   It protects you from poison.
   It drains your maximum health when unequipped.
 N - the +4 hand axe "Woekhor" {venom, rElec}
   (You found it on level 2 of the Snake Pit)

   It poisons the flesh of those it strikes.
   It insulates you from electricity.
Armour
 d - a +2 pair of gloves of dexterity (worn)
 g - a +0 helmet of intelligence (worn)
 l - the +4 skin of Zhor (worn) {*Englaciate rC+++ SInv}
   (You bought it in a shop on level 3 of the Dungeon)

   It renders you almost immune to cold.
   It lets you see invisible.
 o - a +0 cloak of willpower (worn)
 V - a +2 cloak
Jewellery
 e - a ring of positive energy
 f - the ring "Xushrotte" (left hand) {rPois EV+4 Dex+5 SInv}
   (You acquired it on level 2 of the Dungeon)

   [ring of evasion]

   It affects your evasion (+4).
   It affects your dexterity (+5).
   It protects you from poison.
   It lets you see invisible.
 k - a +6 ring of strength
 n - a +6 ring of intelligence (right hand)
 q - a ring of willpower
 w - a +6 ring of intelligence
 B - a ring of fire
 F - a ring of positive energy
 P - an amulet of regeneration (around neck)
 Q - an amulet of the acrobat
 R - a ring of ice
 W - a +6 ring of dexterity
Wands
 i - a wand of flame (44)
 u - a wand of iceblast (64)
 A - a wand of paralysis (16)
 E - a wand of acid (7)
 L - a wand of mindburst (16)
Scrolls
 a - 2 scrolls of enchant weapon
 c - a scroll of blinking
 m - 7 scrolls of immolation
 s - 3 scrolls of holy word
 y - 3 scrolls of fog
 z - 4 scrolls of fear
 I - 3 scrolls of summoning
 O - 9 scrolls of teleportation
 U - a scroll of vulnerability
 Y - 2 scrolls of brand weapon
 Z - 7 scrolls of identify
Potions
 b - 2 potions of lignification
 h - 8 potions of might
 j - 4 potions of brilliance
 p - 5 potions of attraction
 r - 7 potions of haste
 t - 4 potions of mutation
 x - 3 potions of cancellation
 D - 2 potions of resistance
 J - 10 potions of curing
 K - 5 potions of ambrosia
 M - 2 potions of berserk rage
 S - 10 potions of heal wounds
Miscellaneous
 C - a box of beasts
 H - a tin of tremorstones (2/2)


   Skills:
 + Level 4.6 Fighting
 + Level 2.0 Short Blades
 + Level 5.6 Staves
 + Level 8.3 Dodging
 + Level 6.3 Stealth
 + Level 20.4 Spellcasting


You had 10 spell levels left.
You knew the following spells:

 Your Spells              Type           Power      Damage    Failure   Level
a - Foxfire               Conj/Fire      100%       2x1d9     0%          1
b - Conjure Flame         Conj/Fire      100%       6-21      0%          3
c - Inner Flame           Hex/Fire       100%       N/A       0%          3
d - Sticky Flame          Conj/Fire      100%       2d11      0%          4
e - Fireball              Conj/Fire      56%        3d22      0%          5
f - Summon Small Mammal   Summ           100%       N/A       0%          1
g - Searing Ray           Conj           100%       3d7       0%          2
h - Corpse Rot            Necr/Air       N/A        N/A       0%          2
i - Swiftness             Air            100%       N/A       0%          3
j - Silence               Hex/Air        56%        N/A       0%          5
k - Bolt of Magma         Conj/Fire/Erth 56%        4d22      0%          5
l - Statue Form           Tmut/Erth      74%        N/A       1%          6
m - Ozocubu's Refrigerat  Ice            56%        4d16      1%          7
Your spell library was empty.

Dungeon Overview and Level Annotations

Branches:
Dungeon (15/15)            Temple (1/1) D:5            Lair (6/6) D:11
 Shoals (0/4) Lair:2        Snake (3/4) Lair:4        Slime (0/5) Lair:6
    Orc (2/2) D:10            Elf (0/3) Orc:2        Vaults (0/5) D:13
 Depths (0/5) D:15         Bailey (visited)           IceCv (visited)
Volcano (visited)         Gauntlet (visited)

Altars:
Cheibriados
Dithmenos
Elyvilon
Fedhas
Gozag
Hepliaklqana
Kikubaaqudgha
Makhleb
Nemelex Xobeh
Okawaru
Qazlal
Ru
Sif Muna
Uskayaw
Vehumet
Wu Jian
Xom
Yredelemnul

Shops:
D:3 [   D:6 (   D:7 *   D:15 [=(!?   Orc:2 :!*(

Annotations:
D:3 665 animal skin
D:10 , 2 transporters, pokeman's ghost, journeyman DEWz
D:11 1 runed translucent door, Vylera's ghost, journeyman DsIE
Lair:2 exclusion: 4 oklob plants
Snake:3 Vashnia


Innate Abilities, Weirdness & Mutations

You cannot drink.
You are immune to sickness and miasma.
You are immune to poison.
Your flesh is very heat resistant. (rF++)
You are vulnerable to cold. (rC-)
You float through the air rather than walking.
You learn spells naturally, not from books.
Your magical power is your life essence.
You have superior vitality. (+4 HP)


Message History

Vashnia is heavily wounded.
You kill the naga sharpshooter!
The naga sharpshooter is almost dead.
The naga sharpshooter unwields a +0 glaive.
The naga sharpshooter wields a +0 shortbow.
The naga sharpshooter shoots an arrow.
The arrow completely misses you. Vashnia spits poison at you.
The splash of poison hits you but does no damage.
You resist.
Casting: Ozocubu's Refrigeration (mildly dangerous; 1% risk of failure)
Confirm with . or Enter, or press ? or * to list all spells.
The heat is drained from your surroundings.
You feel very cold.
Vashnia and the naga sharpshooter are frozen.
Vashnia resists.
Vashnia is heavily wounded.
You kill the naga sharpshooter!
Vashnia unwields a +5 short sword of electrocution.
It stops crackling.
Vashnia wields a +0 arbalest.
Vashnia shoots a bolt.
The bolt closely misses you.
Unknown command.
Casting: Ozocubu's Refrigeration (mildly dangerous; 1% risk of failure)
Confirm with . or Enter, or press ? or * to list all spells.
The heat is drained from your surroundings.
You feel very cold.
Vashnia is frozen.
Vashnia resists.
Vashnia is severely wounded.
* * * LOW HITPOINT WARNING * * *
A naga sharpshooter comes into view. It is wielding a +0 glaive.
Casting: Ozocubu's Refrigeration (mildly dangerous; 1% risk of failure)
Confirm with . or Enter, or press ? or * to list all spells.
The heat is drained from your surroundings.
You feel very cold.
Vashnia and the naga sharpshooter are frozen.
Vashnia resists.
Vashnia is severely wounded.
The naga sharpshooter is heavily wounded.
* * * LOW HITPOINT WARNING * * *
Vashnia shoots a bolt.
The bolt hits you!!
You die...
Your body crumbles into a pile of gold.

#######....#
###..........#
$#
#............#
.#
#..!.....#####
N.# #...###..#
##$.### #####
#.## ##.......
##.# #..#N.[..
#..#
####(.......
#.####...@...#
#.# #...###.##
##.###.### #
#......#
#####.#....# #
#.....#....#
###.####...###
..........##
#.:..####.#


You could see Vashnia and a naga sharpshooter.

Vanquished Creatures
  Gastronok (Lair:1)
  3 nagarajas (Snake:2)
  Aizul (Snake:3)
  Nessos (D:13)
  Azrael (Snake:3)
  A minotaur (Gauntlet)
  8 vault guards (D:13)
  8 naga warriors
  A hydra (shapeshifter) (D:14)
  3 boulder beetles
  Erolcha (Orc:1)
  2 ice dragons (IceCv)
  Fannar (Orc:2)
  A catoblepas (Lair:6)
  A merfolk avatar (Lair:6)
  12 hydras
  4 two-headed ogres
  4 centaur warriors
  A death knight (D:14)
  A tengu warrior (D:15)
  6 anacondas
  7 naga sharpshooters
  Urug (D:13)
  4 orc high priests
  Sonja (D:12)
  2 shock serpents
  3 salamander mystics
  10 skeletal warriors
  4 large abominations (D:9)
  2 phantasmal warriors
  A wizard (D:9)
  A storm dragon skeleton (D:15)
  4 orc knights
  A necromancer (D:15)
  8 ugly things
  3 mana vipers
  4 deep elf pyromancers
  4 cyclopes
  A frost giant zombie (D:15)
  2 orc sorcerers (Orc:2)
  2 spriggan zombies (D:15)
  3 manticores
  2 merfolk sirens (Lair:2)
  8 elephants (Lair:6)
  Maurice (D:8)
  An apocalypse crab (Gauntlet)
  13 black mambas
  14 naga magi
  9 salamanders
  A gargoyle (D:11)
  4 guardian serpents
  2 ice statues (IceCv)
  An unseen horror (D:8)
  13 cane toads
  7 rime drakes
  2 rime drakes (shapeshifter)
  An efreet (D:8)
  11 komodo dragons
  A kobold demonologist (D:11)
  A freezing wraith (D:14)
  5 trolls
  A queen bee (Lair:3)
  A merfolk (Lair:2)
  6 hornets (Lair:6)
  2 wind drakes (Lair:6)
  11 polar bears
  3 slime creatures (D:12)
  Prince Ribbit (Lair:1)
  29 blink frogs
  5 dream sheep (Lair:6)
  Sigmund (D:5)
  5 shadows
  An air elemental (D:10)
  4 wyverns
  A wyvern (shapeshifter) (D:15)
  56 yaks
  A wraith (D:8)
  4 basilisks
  A fire bat (Volcano)
  4 fire elementals
  3 steam dragons (D:8)
  8 vampire mosquitoes
  3 chaos spawn (Gauntlet)
  2 neqoxecs (Gauntlet)
  Menkaure (D:5)
  2 wargs (Orc:1)
  3 acid dragons
  21 nagas
  14 water moccasins
  4 hell hounds (Snake:3)
  37 orc warriors
  15 ice beasts
  2 sky beasts
  4 black bears
  5 ogres
  12 wolves
  13 centaurs
  6 kobold brigands
  20 bullfrogs
  Blork the orc (Orc:1)
  7 small abominations (D:9)
  A gnoll sergeant (Orc:1)
  An earth elemental (D:10)
  3 scorpions
  A hornet simulacrum (D:14)
  37 killer bees
  15 wights
  2 howler monkeys
  8 electric eels
  3 centaur zombies
  A bullfrog zombie (D:6)
  4 hounds
  28 orc priests
  5 gnoll shamans
  A jelly (D:6)
  A bullfrog skeleton (D:6)
  3 iguanas
  30 orc wizards
  3 howler monkey zombies
  6 adders
  28 gnolls
  2 white imps (D:7)
  An ufetubus (D:5)
  4 dart slugs
  74 orcs
  12 ball pythons
  4 endoplasms
  2 giant cockroaches
  14 goblins
  11 hobgoblins
  4 jackals (D:3)
  29 kobolds
  7 quokkas
  6 bats
  2 frilled lizards
  4 rats
  10 bushes
914 creatures vanquished.

Vanquished Creatures (others)
  A water elemental (D:10)
  An orc (Orc:1)
  668 foxfires
  34 fungi
  65 plants
  A withered plant (D:15)
770 creatures vanquished.

Grand Total: 1684 creatures vanquished

Notes
Turn   | Place    | Note
-------+----------+-------------------------------------------
     0 | D:1      | robertstho the Djinni Fire Elementalist began the quest for
                  | the Orb.
     0 | D:1      | Reached XP level 1. HP: 15/15 MP: 0/0
   188 | D:1      | Reached XP level 2. HP: 18/21 MP: 0/0
   748 | D:1      | Reached skill level 3 in Spellcasting
   905 | D:1      | Reached XP level 3. HP: 22/25 MP: 0/0
   905 | D:1      | Learned a level 1 spell: Summon Small Mammal
  2377 | D:2      | Reached XP level 4. HP: 21/31 MP: 0/0
  2578 | D:2      | Reached XP level 5. HP: 20/35 MP: 0/0
  2578 | D:2      | Learned a level 2 spell: Searing Ray
  2814 | D:2      | Found a faded altar of an unknown god.
  2928 | D:3      | You are sucked into a shaft and drop 2 floors!
  2928 | D:5      | Entered Level 5 of the Dungeon
  3011 | D:5      | Reached skill level 4 in Spellcasting
  3137 | D:5      | Found a staircase to the Ecumenical Temple.
  3146 | Temple   | Entered the Ecumenical Temple
  3392 | D:5      | Reached XP level 6. HP: 25/40 MP: 0/0
  3694 | D:5      | Noticed a black bear
  3702 | D:5      | Killed a black bear
  3703 | D:5      | Reached skill level 5 in Spellcasting
  3801 | D:5      | Noticed a sky beast
  3819 | D:5      | Killed a sky beast
  3820 | D:5      | Reached XP level 7. HP: 18/46 MP: 0/0
  3820 | D:5      | Learned a level 2 spell: Corpse Rot
  4136 | Temple   | Became a worshipper of Gozag Ym Sagoz the Greedy
  4205 | D:5      | Noticed Sigmund
  4213 | D:5      | Killed Sigmund
  4214 | D:5      | Reached skill level 1 in Fighting
  4382 | D:5      | Reached skill level 6 in Spellcasting
  4384 | D:5      | Reached XP level 8. HP: 47/52 MP: 0/0
  4472 | D:5      | Noticed Menkaure
  4474 | D:5      | Killed Menkaure
  5336 | D:4      | Reached skill level 7 in Spellcasting
  5948 | D:3      | Reached XP level 9. HP: 56/58 MP: 0/0
  5948 | D:3      | Learned a level 3 spell: Swiftness
  6332 | D:3      | Found Ineoxiq's Armour Emporium.
  6546 | D:2      | Identified 2 scrolls of acquirement
  6547 | D:2      | Acquired 731 gold pieces
  6550 | D:2      | Acquired the ring "Xushrotte" {rPois EV+4 Dex+5 SInv}
  6571 | D:3      | Bought the +4 skin of Zhor {*Englaciate rC+++ SInv} for 665
                  | gold pieces
  6571 | D:3      | Found the +4 skin of Zhor {*Englaciate rC+++ SInv}
  7292 | D:6      | Reached skill level 8 in Spellcasting
  7983 | D:6      | Bought an iridescent quarterstaff for 216 gold pieces
  7983 | D:6      | Identified the +7 quarterstaff of Dithmenos's Regard
                  | {freeze, rC+ Str+3 Int+4} (You bought it in a shop on level
                  | 6 of the Dungeon)
  8001 | D:7      | Reached skill level 1 in Short Blades
  8001 | D:7      | Reached skill level 9 in Spellcasting
  8009 | D:7      | Reached XP level 10. HP: 50/64 MP: 0/0
  8037 | D:7      | Found a flagged portal.
  8049 | Bailey   | Entered a bailey
  9792 | D:7      | Identified the +1 robe "Xeussaz" {Stlth+}
  9827 | D:7      | Reached skill level 10 in Spellcasting
 10113 | D:7      | Found Zerufeh's Elemental Accessories.
 10567 | D:8      | Noticed Maurice
 10572 | D:8      | Killed Maurice
 10573 | D:8      | Reached skill level 5 in Stealth
 11405 | D:8      | Noticed an unseen horror
 11410 | D:8      | Killed an unseen horror
 11411 | D:8      | Reached skill level 11 in Spellcasting
 11411 | D:8      | Reached XP level 11. HP: 48/68 MP: 0/0
 11411 | D:8      | Learned a level 5 spell: Silence
 12171 | D:8      | Found a shimmering altar of Xom.
 12171 | D:8      | Found a sacrificial altar of Ru.
 12172 | D:8      | Found a hide-covered altar of Uskayaw.
 12172 | D:8      | Found a white marble altar of Elyvilon.
 12239 | D:8      | Noticed a boulder beetle
 12244 | D:8      | Killed a boulder beetle
 12246 | D:8      | Noticed a boulder beetle
 12252 | D:8      | Killed a boulder beetle
 12253 | D:8      | Reached skill level 12 in Spellcasting
 13096 | D:9      | Noticed a wizard
 13347 | D:9      | Killed a wizard
 13830 | D:9      | Found a hide-covered altar of Uskayaw.
 13830 | D:9      | Found a basalt altar of Yredelemnul.
 13933 | D:9      | Found a stormy altar of Qazlal.
 13936 | D:9      | Found a hazy altar of Hepliaklqana.
 13938 | D:9      | Found a shadowy altar of Dithmenos.
 14254 | D:9      | Identified Sif Muna's Catalogue of the Snowflakes
 14608 | D:9      | Noticed a large abomination
 14676 | D:9      | Killed a large abomination
 14677 | D:9      | Reached XP level 12. HP: 49/74 MP: 0/0
 15252 | D:9      | Reached skill level 13 in Spellcasting
 15711 | D:10     | Entered Level 10 of the Dungeon
 16034 | D:10     | Found a staircase to the Orcish Mines.
 16395 | D:10     | Noticed a two-headed ogre
 16398 | D:10     | Killed a two-headed ogre
 16617 | D:10     | Found a large runed translucent door.
 16617 | D:10     | Found a large runed translucent door.
 17421 | D:10     | Found a transporter.
 17422 | D:10     | Noticed a centaur warrior
 17430 | D:10     | Found a transporter.
 17447 | D:10     | Noticed pokeman's ghost (journeyman DEWz)
 17759 | D:10     | Reached skill level 1 in Staves
 18548 | D:11     | Found a runed translucent door.
 18548 | D:11     | Noticed Vylera's ghost (journeyman DsIE)
 18623 | D:11     | Reached skill level 5 in Dodging
 18678 | D:11     | Noticed a two-headed ogre
 18682 | D:11     | Killed a two-headed ogre
 18866 | D:11     | Found a staircase to the Lair.
 19093 | D:11     | Reached skill level 14 in Spellcasting
 19421 | D:11     | Reached XP level 13. HP: 58/78 MP: 0/0
 19421 | D:11     | Learned a level 5 spell: Bolt of Magma
 20315 | Lair:1   | Entered Level 1 of the Lair of Beasts
 20468 | Lair:1   | Found a dark tunnel.
 20473 | Volcano  | Entered a volcano
 20617 | Volcano  | HP: 2/78 [salamander/+0 halberd (4)]
 21272 | Lair:1   | Noticed an eight-headed hydra
 21276 | Lair:1   | Killed an eight-headed hydra
 21305 | Lair:1   | Noticed Prince Ribbit
 21347 | Lair:1   | Killed Prince Ribbit
 21810 | Lair:1   | Noticed Gastronok
 21818 | Lair:1   | Killed Gastronok
 22246 | Lair:2   | Reached skill level 15 in Spellcasting
 22472 | Lair:2   | Noticed a four-headed hydra
 22476 | Lair:2   | Killed a four-headed hydra
 22678 | Lair:2   | Found a staircase to the Shoals.
 23480 | Lair:3   | Reached XP level 14. HP: 77/85 MP: 0/0
 23516 | Lair:3   | Found a sacrificial altar of Ru.
 24251 | Lair:3   | Reached skill level 16 in Spellcasting
 24622 | Lair:4   | Found a staircase to the Snake Pit.
 25626 | Lair:6   | Entered Level 6 of the Lair of Beasts
 25976 | Lair:6   | Reached skill level 17 in Spellcasting
 25976 | Lair:6   | Reached XP level 15. HP: 76/92 MP: 0/0
 25976 | Lair:6   | Learned a level 6 spell: Statue Form
 26871 | Lair:6   | Found a staircase to the Slime Pits.
 27210 | Orc:1    | Entered Level 1 of the Orcish Mines
 27214 | Orc:1    | Noticed Erolcha
 27217 | Orc:1    | Killed Erolcha
 27487 | Orc:2    | Entered Level 2 of the Orcish Mines
 27674 | Orc:2    | Reached skill level 18 in Spellcasting
 27720 | Orc:2    | Found a staircase to the Elven Halls.
 28017 | Orc:2    | Found Zedas's Distillery.
 28017 | Orc:2    | Found Movvany's Antique Weapon Boutique.
 28018 | Orc:2    | Found Qylilamn's General Store.
 28022 | Orc:2    | Found Lefourae's Book Shop.
 28025 | Orc:2    | Bought a potion of curing for 45 gold pieces
 28025 | Orc:2    | Bought a potion of haste for 150 gold pieces
 28025 | Orc:2    | Bought a potion of curing for 45 gold pieces
 28029 | Orc:2    | Bought a potion of heal wounds for 65 gold pieces
 28457 | Orc:1    | Noticed Blork the orc
 28522 | Orc:1    | Killed Blork the orc
 28702 | Orc:1    | Noticed Fannar
 28709 | Orc:2    | Killed Fannar
 29161 | D:12     | Reached XP level 16. HP: 42/97 MP: 0/0
 29316 | D:12     | Noticed Sonja
 29319 | D:12     | Killed Sonja
 29552 | D:12     | You are sucked into a shaft and drop 3 floors!
 29552 | D:15     | Entered Level 15 of the Dungeon
 29554 | D:15     | Found Rexzung's Distillery.
 29607 | D:15     | Bought a potion of resistance for 170 gold pieces
 29607 | D:15     | Bought a potion of curing for 51 gold pieces
 29607 | D:15     | Bought 2 potions of heal wounds for 170 gold pieces
 29607 | D:15     | Bought a potion of lignification for 51 gold pieces
 29660 | D:15     | Found a snail-covered altar of Cheibriados.
 29685 | D:15     | Found Jehaq's Magic Scroll Boutique.
 29693 | D:15     | Bought a scroll of identify for 28 gold pieces
 29693 | D:15     | Bought a scroll of identify for 28 gold pieces
 29693 | D:15     | Bought a scroll of brand weapon for 280 gold pieces
 29693 | D:15     | Bought a scroll of identify for 28 gold pieces
 29693 | D:15     | Bought a scroll of summoning for 133 gold pieces
 29693 | D:15     | Bought a scroll of teleportation for 42 gold pieces
 29841 | D:15     | Found Wukiec's Jewellery Boutique.
 29917 | D:15     | Found Bimoshra's Antique Weapon Emporium.
 30123 | D:15     | Found a staircase to the Depths.
 30250 | D:15     | Found Jeurall's Armour Shop.
 30503 | D:14     | Found a shadowy altar of Dithmenos.
 30537 | D:14     | Found a frozen archway.
 30625 | IceCv    | Entered an ice cave
 30628 | IceCv    | Reached skill level 5 in Staves
 32002 | D:13     | Found a gate to the Vaults.
 32030 | D:13     | Reached skill level 19 in Spellcasting
 32067 | D:13     | Found a gate leading to a gauntlet.
 32076 | Gauntlet | Entered a Gauntlet
 32076 | Gauntlet | Found a transporter.
 32076 | Gauntlet | Found a transporter.
 32102 | Gauntlet | Found a transporter.
 32105 | Gauntlet | Found a transporter.
 32105 | Gauntlet | Found a transporter.
 32107 | Gauntlet | Found a transporter.
 32107 | Gauntlet | Found a large runed translucent door.
 32108 | Gauntlet | Found a large runed translucent door.
 32109 | Gauntlet | Found a large runed translucent door.
 32109 | Gauntlet | Found a large runed translucent door.
 32109 | Gauntlet | Found a runed translucent door.
 32109 | Gauntlet | Found a runed translucent door.
 32110 | Gauntlet | Found a large runed translucent door.
 32111 | Gauntlet | Found a large runed translucent door.
 32112 | Gauntlet | Found a large runed translucent door.
 32112 | Gauntlet | Found a large runed translucent door.
 32113 | Gauntlet | Found a runed translucent gate.
 32113 | Gauntlet | Found a runed translucent gate.
 32113 | Gauntlet | Found a runed translucent gate.
 32115 | Gauntlet | Found a transporter.
 32119 | Gauntlet | Found a transporter.
 32141 | Gauntlet | Found a transporter.
 32162 | Gauntlet | Found a large runed translucent door.
 32162 | Gauntlet | Found a large runed translucent door.
 32163 | Gauntlet | Found a large runed translucent door.
 32164 | Gauntlet | Found a large runed translucent door.
 32165 | Gauntlet | Found a large runed translucent door.
 32165 | Gauntlet | Found a large runed translucent door.
 32166 | Gauntlet | Found a large runed translucent door.
 32167 | Gauntlet | Found a large runed translucent door.
 32234 | Gauntlet | Found a transporter.
 32236 | Gauntlet | Found a transporter.
 32251 | Gauntlet | Found a transporter.
 32313 | Gauntlet | Reached XP level 17. HP: 96/105 MP: 0/0
 32313 | Gauntlet | Learned a level 7 spell: Ozocubu's Refrigeration
 32718 | D:13     | Noticed Urug
 32720 | D:13     | Killed Urug
 32895 | D:13     | Noticed Nessos
 32898 | D:13     | Killed Nessos
 33828 | Snake:1  | Entered Level 1 of the Snake Pit
 35152 | Snake:2  | Identified the +8 glaive of Ekhlo {vorpal, Drain rPois rF+
                  | Str+4}
 35632 | Snake:2  | Identified the +4 hand axe "Woekhor" {venom, rElec}
 35697 | Snake:2  | Found a shimmering altar of Xom.
 36176 | Snake:2  | Reached skill level 20 in Spellcasting
 36411 | Snake:3  | Noticed Aizul
 36416 | Snake:3  | Killed Aizul
 36672 | Snake:3  | Reached XP level 18. HP: 84/111 MP: 0/0
 36801 | Snake:3  | Noticed Azrael
 36803 | Snake:3  | Killed Azrael
 37030 | Snake:3  | Noticed Vashnia
 37041 | Snake:3  | Shot with a bolt by Vashnia

Illustrated notes

Levels and vault maps discovered:
D:1:      heliophobic_arrival_ceremonial_halls, layout_basic,
          minmay_tetromino_o2
D:2:      layout_rooms, chequers_ecumenical_altar_grove, grunt_ministairs_8
D:3:      layout_rooms, serial_shops, shop
D:4:      layout_gridville
D:5:      layout_loops_ring, minmay_temple_entry_fiery, uniq_sigmund,
          uniq_menkaure
D:6:      layout_basic
D:7:      layout_basic, enter_bailey_3, grunt_ministairs_2,
          nicolae_elemental_shop
D:8:      minmay_the_grid_octo_tiled_octocenter
          [minmay_the_grid_octo_thin_diamonds, minmay_the_grid_octo_pinwheel,
          minmay_the_grid_octo_checkerflower, minmay_the_grid_octo_shrine,
          minmay_the_grid_octo_prize_ultimate_mussel_roller,
          minmay_the_grid_square_5x5_checkered_sparse,
          minmay_the_grid_square_5x5_percent,
          minmay_the_grid_square_5x5_n_small,
          minmay_the_grid_square_5x5_one_wall], layout_gridville, uniq_maurice
D:9:      layout_basic, led_sif_book, chequers_temple_overflow_minitemple,
          laboratory
D:10:     minmay_angry_zag, layout_basic, david_orc_2, nzn_ghost_randoct,
          lightli_elemental_guards
D:11:     layout_grid_maze, lair_entry_dummy, hellmonk_ghost_happy_afterlife,
          nicolae_two_hexagons, kennysheep_minor_cross
D:12:     layout_loops_ring, minmay_diced_spiral, uniq_sonja
D:13:     layout_roguey, erik_vaults_2, gauntlet_entry_generic,
          lemuel_old_faithful, uniq_urug, uniq_nessos
D:14:     layout_basic, portal_ice_cave_entry_animals_and_master,
          serial_park_gazebo [serial_park_minivault_5x5_4]
D:15:     gammafunk_depths_entry_grave, layout_loops_ring, serial_shops, shop,
          nicolae_shop_waterfront, shop, nicolae_shop_waterfront, shop_scrolls,
          kennysheep_slug_shrine
Temple:   eino_temple_scatter_basement
Lair:1:   layout_regular_city, serial_forest, infiniplex_forest_end_double,
          infiniplex_forest_clump_small, infiniplex_forest_end_1,
          infiniplex_forest_clump_curved, infiniplex_forest_end_2,
          infiniplex_forest_clump_tiny, nicolae_volcano_entry_s_turn,
          dpeg_stationary_puzzle, uniq_prince_ribbit2, uniq_gastronok
Lair:2:   layout_roguey, elwin_shoals_entry_rooms, minmay_lair_oklob_chamber,
          lemuel_fruit_tree
Lair:3:   layout_roguey [special_room_bee], chequers_serial_rivers_micro_d,
          lemuel_centaur_altar, grunt_megastairs_2, infiniplex_staircase_pool
Lair:4:   layout_misc_corridors, dummy_snake_entry, serial_rivers,
          chequers_serial_rivers_marsh, chequers_serial_rivers_large_a,
          chequers_serial_rivers_micro_c, chequers_serial_rivers_small_a
Lair:5:   layout_gridlike
Lair:6:   gammafunk_lair_ancient_temple, layout_regular_city,
          dpeg_slime_entry_corner
Snake:1:  layout_chambers, basic_altar, grunt_megastairs_4
Snake:2:  nicolae_cobra_stairs, layout_honeycomb, basic_altar, st_stairs_14
Snake:3:  layout_misc_corridors, uniq_vashnia, uniq_azrael, uniq_aizul
Orc:1:    layout_caves, sword_in_stone, uniq_fannar, uniq_erolcha
Orc:2:    st_orc_mages, layout_caves

Skill      XL: |  1  2  3  4  5  6  7  8  9 10 11 12 13 14 15 16 17 |
---------------+----------------------------------------------------+-----
Spellcasting   | 3 4 5 6 7 9 11 12 14 15 17 18 19 20 | 20.4
Stealth        | 2 3 4 5 6 |  6.3
Fighting       | 1 2 3 4 |  4.6
Dodging        | 3 4 5 6 8 |  8.3
Short Blades   | 1 2 |  2.0
Staves         | 1 3 5 |  5.6

Action                   |  1- 3 |  4- 6 |  7- 9 | 10-12 | 13-15 | 16-18 || total
-------------------------+-------+-------+-------+-------+-------+-------++-------
Melee: Short sword       |     5 |     3 |    13 |       |       |       ||    21
       Quarterstaff      |       |       |     1 |     9 |    43 |    53 ||   106
 Cast: Foxfire           |   109 |    39 |   255 |       |       |       ||   403
       Sticky Flame      |       |     4 |    10 |    27 |    48 |    27 ||   116
       Conjure Flame     |       |       |     3 |     2 |     2 |     2 ||     9
       Fireball          |       |       |     4 |   244 |   403 |   102 ||   753
       Searing Ray       |       |       |     2 |     9 |     3 |       ||    14
       Bolt of Magma     |       |       |       |       |    16 |    23 ||    39
       Statue Form       |       |       |       |       |     1 |     8 ||     9
       Ozocubu's Refrige |       |       |       |       |       |   152 ||   152
Invok: Call Merchant     |       |       |     1 |       |       |       ||     1
  Use: Scroll            |       |     2 |     8 |     9 |    11 |     6 ||    36
       Potion            |       |       |     2 |     2 |     1 |       ||     5
 Stab: Sleeping          |       |     1 |     1 |       |       |       ||     2
       Distracted        |       |       |     1 |       |       |       ||     1
Armor: Robe              |     2 |       |       |       |       |       ||     2
       Animal skin       |       |       |       |     9 |    25 |    11 ||    45
       Skin              |       |       |       |       |    18 |    63 ||    81
Dodge: Dodged            |     6 |     9 |    28 |    62 |   184 |   129 ||   418

Table legend: (Time is in decaauts)
 A = Elapsed time spent in this place.
 B = Non-inter-level travel time spent in this place.
 C = Inter-level travel time spent in this place.
 D = Time resting spent in this place.
 E = Time spent auto-exploring this place.
 F = Levels seen in this place.
 G = Mean time per level.
                   A        B        C        D        E       F      G
               +--------+--------+--------+--------+--------+-----+--------+
         Total |  37388 |  35937 |   1451 |   4479 |  26292 |  31 | 1206.1 |
       Dungeon |  23200 |  22358 |    842 |   3316 |  16354 |  15 | 1546.7 |
        Temple |    237 |    198 |     39 |      0 |    188 |   1 |  237.0 |
          Lair |   6142 |   5854 |    288 |    209 |   4815 |   6 | 1023.7 |
     Snake Pit |   3214 |   3099 |    115 |     69 |   2668 |   3 | 1071.3 |
  Orcish Mines |   1898 |   1733 |    165 |    126 |   1107 |   2 |  949.0 |
        Bailey |   1167 |   1167 |      0 |    391 |    527 |   1 | 1167.0 |
      Ice Cave |    424 |    424 |      0 |      5 |    304 |   1 |  424.0 |
       Volcano |    515 |    515 |      0 |    324 |     30 |   1 |  515.0 |
      Gauntlet |    587 |    587 |      0 |     39 |    298 |   1 |  587.0 |
               +--------+--------+--------+--------+--------+-----+--------+

Top non-repeatable levels by time:
     D:9: 2919 daAuts
     D:8: 2589 daAuts
    D:10: 2158 daAuts
    D:11: 2130 daAuts
     D:5: 1836 daAuts
     D:7: 1786 daAuts
     D:1: 1609 daAuts
  Lair:6: 1467 daAuts
 Snake:2: 1342 daAuts
     D:2: 1316 daAuts
 Snake:1: 1247 daAuts
  Lair:1: 1203 daAuts
    D:14: 1168 daAuts
  Bailey: 1167 daAuts
     D:4: 1141 daAuts
